Map: Coda ER

Players

efelinto

  • Race: Zerg Zerg
  • Spawn Location: 11:00

DaviAtrockFC

  • Race: Protoss Protoss
  • League: Silver
  • Spawn Location: 5:00

VOD

Have the link to the VOD?

Description

Time

  • Played on: April 1, 2017, 8:16 p.m.
  • Length: 21:05
Show
View Real Time Build Order
Export as new Build Order

efelinto Zerg 

Build Orders: Pool First 

Get SALT Encoding   

  12  0:03  Drone  
  13  0:25  Spawning Pool  
  12  1:13  Zergling x4  
  12  1:14  Overlord  
  15  1:32  Zergling x2  
  15  1:37  Zergling x2  
  16  1:47  Zergling x2  
  19  1:58  Overlord  
  17  2:09  Zergling x2  
  18  2:22  Zergling x2  
  19  2:39  Zergling x4  
  19  2:52  Zergling x2  
  18  3:04  Zergling x2  
  18  3:27  Zergling x4  
  20  3:38  Zergling x2  
  20  3:48  Zergling x2  
  18  3:54  Zergling x2  
  19  4:05  Zergling x2  
  16  4:32  Zergling x4  
  17  5:00  Zergling x6  
  20  5:22  Drone  
  20  5:23  Hatchery  
  20  5:34  Drone  
  21  5:35  Extractor  
  21  5:37  Hatchery  
  19  5:43  Drone  
  19  5:44  Drone  
  19  5:47  Queen  
  23  5:58  Drone  
  24  6:08  Drone  
  25  6:17  Overlord  
  25  6:23  Queen  
  27  6:29  Overlord  
  27  6:37  Drone x2  
  29  6:49  Drone x2  
  31  6:54  Drone  
  31  6:57  Drone  
  31  6:59  Queen  
  35  7:06  Spine Crawler  
  35  7:07  Drone x2  
  36  7:11  Drone x2  
  36  7:12  Drone  
  39  7:18  Drone  
  39  7:20  Drone  
  41  7:24  Drone  
  42  7:30  Drone  
  42  7:32  Drone  
  42  7:33  Queen, Spine Crawler  
  42  7:34  Queen  
  42  7:35  Drone  
  48  7:41  Spine Crawler  
  47  7:47  Drone  
  47  7:48  Drone x2  
  50  7:52  Drone x2  
  50  7:55  Spine Crawler  
  50  7:58  Drone  
  52  8:02  Drone  
  53  8:06  Drone x2  
  53  8:08  Spine Crawler  
  53  8:10  Queen  
  56  8:13  Drone  
  56  8:16  Drone  
  58  8:25  Overlord x3  
  58  8:28  Extractor  
  57  8:37  Drone  
  58  8:45  Extractor  
  58  8:47  Extractor  
  56  8:52  Queen, Spine Crawler  
  57  9:07  Zergling x2  
  57  9:08  Zergling x16  
  57  9:09  Metabolic Boost  
  66  9:22  Drone x2  
  66  9:23  Drone  
  69  9:32  Lair  
  69  9:44  Zergling x10  
  74  9:48  Overlord x3  
  74  9:53  Overlord x3  
  70  10:15  Zergling x2  
  70  10:16  Zergling x8  
  70  10:17  Hatchery  
  73  10:21  Zergling x2  
  73  10:22  Zergling x2  
  74  10:54  Zergling x2  
  74  10:55  Zergling x10  
  61  11:16  Zergling x4  
  57  11:20  Zergling x4  
  58  11:30  Hatchery  
  57  11:34  Zergling x2  
  57  11:35  Zergling x2  
  59  11:42  Zergling x2  
  59  11:43  Zergling x2  
  60  12:12  Hatchery  
  59  12:17  Zergling x4  
  59  12:18  Zergling x14  
  68  12:29  Hatchery  
  67  12:34  Zergling x8  
  71  12:40  Zergling x4  
  71  12:42  Queen  
  76  12:51  Drone x2  
  76  12:52  Drone  
  78  13:04  Drone x3  
  81  13:06  Overlord  
  81  13:08  Overlord  
  76  13:31  Zergling x2  
  76  13:32  Zergling x16  
  85  13:44  Zergling x4  
  85  13:45  Zergling x4  
  87  14:06  Zergling x2  
  87  14:07  Zergling x20  
  98  14:10  Overlord x2  
  98  14:11  Overlord  
  98  14:23  Overseer  
  98  14:27  Zergling x2  
  99  14:34  Zergling x18  
  108  14:43  Drone x5  
  113  14:48  Zergling x2  
  114  15:06  Spire  
  113  15:07  Drone x6  
  113  15:08  Drone x3  
  122  15:18  Extractor  
  122  15:20  Extractor  
  120  15:23  Extractor  
  120  15:25  Extractor  
  118  15:46  Drone  
  118  15:47  Drone x6  
  125  15:53  Drone x2  
  125  15:54  Drone x5  
  125  15:55  Drone  
  133  16:08  Overseer  
  133  16:19  Overlord x2  
  133  16:20  Overlord x5  
  133  16:21  Overlord  
  133  16:36  Overlord x2  
  133  16:37  Overlord  
  129  16:42  Mutalisk x9  
  129  16:43  Mutalisk x2  
  149  16:48  Mutalisk  
  149  16:49  Mutalisk x2  
  149  16:52  Mutalisk  
  157  17:03  Mutalisk x3  
  157  17:04  Mutalisk x2  
  146  17:16  Mutalisk x4  
  138  17:52  Extractor  
  138  17:53  Extractor  
  136  18:03  Mutalisk x3  
  136  18:04  Mutalisk  
  144  18:08  Mutalisk  
  146  18:21  Mutalisk  
  146  18:25  Zergling x2  
  146  18:26  Zergling x16  
  139  18:58  Mutalisk x4  
  147  19:13  Mutalisk  
  147  19:14  Mutalisk  
  151  19:21  Mutalisk  
  151  19:23  Zergling x2  
  154  19:24  Zergling x6  
  154  19:25  Zergling x10  
  159  19:51  Zergling x2  
  146  20:05  Zergling x10  
  146  20:06  Zergling x6  
  73  20:33  Zergling x14  
  56  20:42  Zergling x4  
Show
View Real Time Build Order
Export as new Build Order

DaviAtrockFC Protoss 

Build Orders: 1 Gate Expand 

Get SALT Encoding   

  12  0:02  Probe (Chrono Boost)  
  13  0:13  Probe (Chrono Boost)  
  14  0:23  Pylon  
  14  0:32  Probe (Chrono Boost)  
  15  0:45  Assimilator  
  15  0:47  Gateway  
  15  0:56  Probe (Chrono Boost)  
  16  1:06  Probe (Chrono Boost)  
  17  1:17  Probe (Chrono Boost)  
  18  1:30  Nexus  
  18  1:40  Cybernetics Core  
  18  1:49  Pylon  
  18  1:54  Assimilator  
  18  1:57  Probe (Chrono Boost)  
  19  2:04  Zealot  
  21  2:09  Probe (Chrono Boost)  
  22  2:20  Mothership Core (Chrono Boost)  
  24  2:38  Probe (Chrono Boost)  
  25  2:47  Zealot  
  22  3:18  Pylon  
  21  3:39  Zealot  
  21  3:56  Forge  
  22  4:18  Probe (Chrono Boost)  
  22  4:36  Photon Cannon  
  18  4:57  Warp Gate  
  18  5:06  Pylon  
  18  5:13  Gateway  
  18  5:16  Gateway  
  18  5:19  Gateway  
  18  5:26  Probe (Chrono Boost)  
  20  5:35  Probe (Chrono Boost)  
  20  5:38  Probe (Chrono Boost)  
  21  5:46  Probe (Chrono Boost), Photon Cannon  
  22  5:51  Twilight Council  
  22  5:55  Probe (Chrono Boost)  
  22  5:56  Probe (Chrono Boost)  
  24  6:07  Probe (Chrono Boost)  
  24  6:08  Probe (Chrono Boost)  
  26  6:18  Probe (Chrono Boost)  
  27  6:20  Probe (Chrono Boost)  
  28  6:28  Probe (Chrono Boost)  
  28  6:32  Probe (Chrono Boost), Stalker x2  
  34  6:39  Blink, Probe (Chrono Boost)  
  35  6:44  Probe (Chrono Boost)  
  36  6:47  Pylon  
  38  7:01  Probe x2 (Chrono Boost)  
  38  7:13  Probe x2 (Chrono Boost)  
  38  7:15  Pylon  
  40  7:25  Probe x2 (Chrono Boost)  
  42  7:35  Gateway  
  42  7:36  Gateway  
  43  7:37  Probe (Chrono Boost), Gateway  
  43  7:42  Stalker  
  45  7:47  Probe (Chrono Boost)  
  45  7:51  Probe (Chrono Boost)  
  47  7:52  Assimilator  
  48  7:58  Pylon  
  48  7:59  Probe (Chrono Boost)  
  48  8:07  Protoss Ground Weapons Level 1  
  48  8:09  Probe (Chrono Boost)  
  48  8:11  Probe (Chrono Boost)  
  48  8:12  Stalker x3  
  56  8:30  Pylon  
  56  8:34  Pylon  
  56  8:42  Gateway  
  56  8:47  Gateway  
  56  8:48  Stalker x2  
  56  8:49  Stalker x2  
  64  8:58  Assimilator  
  64  9:13  Stalker x5  
  74  9:19  Probe x2 (Chrono Boost)  
  76  9:50  Gateway  
  76  9:51  Gateway  
  76  9:55  Robotics Facility  
  76  10:07  Stalker x4  
  76  10:08  Stalker x3  
  90  10:35  Stalker x2  
  92  10:41  Pylon  
  92  10:42  Pylon  
  94  10:45  Pylon  
  88  11:12  Pylon  
  88  11:13  Pylon  
  88  11:15  Pylon  
  88  11:27  Stalker x4  
  88  11:28  Stalker  
  88  11:32  Stargate  
  98  11:44  Protoss Shields Level 1  
  98  11:53  Nexus  
  98  11:56  Pylon  
  98  11:59  Pylon  
  98  12:02  Pylon x2  
  98  12:03  Pylon  
  98  12:05  Pylon  
  98  12:06  Assimilator, Pylon  
  98  12:07  Stalker x2  
  102  12:10  Assimilator  
  102  12:14  Forge  
  102  12:22  Probe x2 (Chrono Boost)  
  104  12:34  Observer  
  105  12:42  Fleet Beacon  
  105  12:51  Stargate  
  105  12:53  Stargate  
  105  12:55  Observer  
  106  13:03  Stalker x3  
  106  13:04  Stalker  
  114  13:17  Pylon  
  114  13:19  Pylon  
  114  13:20  Pylon  
  114  13:42  Probe (Chrono Boost)  
  114  13:43  Probe x2 (Chrono Boost)  
  117  13:52  Probe (Chrono Boost)  
  117  13:55  Probe x2 (Chrono Boost)  
  120  13:59  Carrier x2  
  132  14:03  Probe (Chrono Boost)  
  132  14:07  Probe x2 (Chrono Boost)  
  135  14:13  Probe (Chrono Boost)  
  135  14:15  Carrier  
  142  14:31  Photon Cannon  
  142  14:35  Stalker, Photon Cannon  
  144  14:55  Stargate  
  144  15:08  Photon Cannon  
  144  15:15  Stargate  
  144  15:24  Carrier  
  144  15:27  Stalker x2  
  144  15:28  Stalker x4  
  162  15:59  Nexus  
  162  16:01  Assimilator  
  162  16:07  Carrier  
  168  16:21  Graviton Catapult  
  168  16:28  Pylon  
  168  16:30  Pylon  
  168  16:50  Carrier x2  
  180  17:22  Pylon  
  180  17:23  Assimilator  
  180  17:25  Pylon  
  180  17:29  Pylon  
  178  17:39  Photon Cannon  
  178  17:42  Photon Cannon  
  178  17:44  Photon Cannon  
  178  17:45  Photon Cannon x2  
  178  17:46  Photon Cannon  
  178  17:49  Photon Cannon  
  178  17:50  Photon Cannon  
  178  17:52  Pylon  
  178  17:53  Photon Cannon  
  178  17:55  Pylon  
  178  18:08  Carrier  
  184  18:25  Stalker x4  
  184  18:26  Stalker x2  
  173  19:19  Photon Cannon, Nexus  
  173  19:20  Photon Cannon x2  
  173  19:28  Photon Cannon  
  69  20:32  Stalker x2  
Tags
 
Add a new tag
Caveats
  • Supply blocks, unpowered buildings, or Contaminate may cause inaccurate times.
  • Supply counts are checked every 10 seconds.